 Dungeon Sprint DCSS version 0.21.2 (webtiles) character file.

562 Fang the Fighter (level 7, -4/52 HPs)
             Began as a Gargoyle Berserker on Jan 23, 2019.
             Was a High Priest of Trog.
             Slain by a flying skull (7 damage)
             ... in the Dungeon (Sprint VII: "The Pits").
             The game lasted 00:00:58 (602 turns).

Fang the Fighter (Gargoyle Berserker)                Turns: 602, Time: 00:00:58

Health: -4/52      AC: 17    Str: 22    XL:     7   Next: 31%
Magic:  7/7        EV: 10    Int:  8    God:    Trog [*****.]
Gold:   0          SH:  0    Dex:  9    Spells: 6/6 levels left

rFire    . . .     SeeInvis .   m - +2 hand axe (freeze)
rCold    . . .     Gourm    .   (no shield)
rNeg     + . .     Faith    .   n - +3 chain mail
rPois    ∞         Spirit   .   (no helmet)
rElec    +         Reflect  .   (no cloak)
rCorr    .         Harm     .   (no gloves)
MR       .....     NoTele   +   (no boots)
Stlth    ..........             (no amulet)
HPRegen  0.17/turn              (no ring)
MPRegen  0.10/turn              (no ring)

@: no status effects
A: negative energy resistance 1, electricity resistance, unbreathing,
petrification resistance, rot immunity, AC +4
a: Berserk, Trog's Hand, Brothers in Arms, Burn Spellbooks, Renounce Religion


You were in the Dungeon.
You worshipped Trog.
Trog was extremely pleased with you.
You were hungry.

You visited 1 branch

Inventory:

Hand Weapons
 j - a +2 hand axe
 m - a +2 hand axe of freezing (weapon)
Armour
 b - a +0 animal skin
 n - a +3 chain mail (worn)
Scrolls
 i - a scroll of blinking
 k - 3 scrolls of remove curse
 l - a scroll of summoning
Potions
 a - 2 potions of invisibility
 d - 6 potions of curing
 e - 6 potions of heal wounds
 f - a potion of haste
 g - 4 potions of magic
 h - 3 potions of berserk rage
Comestibles
 c - 9 rations


   Skills:
 + Level 10.1 Fighting
 + Level 9.5 Axes
 + Level 5.8 Armour
 + Level 5.0 Dodging
 + Level 1.1 Stealth


You had 6 spell levels left.
You didn't know any spells.

Dungeon Overview and Level Annotations

Branches:
Dungeon (1/1)

Altars:


Innate Abilities, Weirdness & Mutations

You are resistant to torment.
Your stone body is resilient. (AC +4)
You are immune to poison.
You resist negative energy. (rN+)
You are resistant to electric shocks. (rElec)
You can survive without breathing.
You are immune to petrification.
You are immune to rotting.


Message History

The flying skull is heavily damaged.
The flying skull misses you.
You hit the flying skull.
The flying skull is almost destroyed.
The flying skull hits you but does no damage.
You hit the flying skull.
The flying skull is almost destroyed.
The flying skull closely misses you. The flying skull hits you!
* * * LOW HITPOINT WARNING * * *
You barely miss the flying skull.
The flying skull is almost destroyed.
The flying skull barely misses you.
You closely miss the flying skull.
The flying skull is almost destroyed.
The flying skull hits you but does no damage.
You miss the flying skull.
The flying skull is almost destroyed.
The flying skull hits you but does no damage.
The flying skull hits you!
You die...

#.#.....††.##.......#
#.#........##.......#
#.#####'#####...<...#
#.#..[)))..##.......#
#.#...))...##.......#
#'###########.......#
#(.#.#.##h. #########
#.†.....#z#
##.#.#.##@#
#.......#'#
##.#.#.##)+
#.......#'#
##.#.#..'.#
##########


You could see a black bear and a flying skull.

Vanquished Creatures
  A red devil (D)
  A bullfrog (D)
  A scorpion (D)
  2 wights (D)
  A quasit (D)
  A jelly (D)
  An iron imp (D)
  An iguana (D)
  A gnoll (D)
  An adder (D)
  A bat (D)
  3 hobgoblins (D)
  A ball python (D)
  A frilled lizard (D)
  A goblin (D)
  A kobold (D)
  A rat (D)
20 creatures vanquished.

Notes
Turn   | Place    | Note
-------+----------+-------------------------------------------
     0 | D        | Fang the Gargoyle Berserker began the quest for the Orb.
     0 | D        | Reached XP level 1. HP: 14/14 MP: 1/1
    63 | D        | Reached ** piety under Trog
    72 | D        | Reached skill level 4 in Fighting
    84 | D        | Reached XP level 2. HP: 11/20 MP: 2/2
   228 | D        | Noticed a bullfrog
   232 | D        | Reached *** piety under Trog
   233 | D        | Reached skill level 5 in Fighting
   233 | D        | Reached XP level 3. HP: 26/26 MP: 3/3
   236 | D        | Killed a bullfrog
   236 | D        | Reached skill level 6 in Fighting
   236 | D        | Reached skill level 5 in Axes
   236 | D        | Reached XP level 4. HP: 32/32 MP: 4/4
   360 | D        | Reached **** piety under Trog
   362 | D        | Reached skill level 7 in Fighting
   362 | D        | Reached XP level 5. HP: 38/38 MP: 5/5
   368 | D        | Reached ***** piety under Trog
   368 | D        | Reached skill level 8 in Fighting
   368 | D        | Reached XP level 6. HP: 44/44 MP: 6/6
   422 | D        | Noticed a red devil
   430 | D        | Killed a red devil
   430 | D        | Reached skill level 9 in Fighting
   430 | D        | Reached skill level 5 in Armour
   430 | D        | Reached skill level 1 in Stealth
   430 | D        | Reached XP level 7. HP: 42/52 MP: 7/7
   559 | D        | Noticed a flying skull
   564 | D        | Reached skill level 5 in Dodging
   576 | D        | Reached skill level 10 in Fighting
   602 | D        | Slain by a flying skull

Skill      XL: |  1  2  3  4  5  6  7 |
---------------+----------------------+-----
Axes           | 3 4 5 6 7 9 |  9.5
Fighting       | 4 5 6 7 8 9 10 | 10.1
Dodging        | 2 3 4 5 |  5.0
Armour         | 3 4 5 |  5.8
Stealth        | 1 |  1.1

Action                   |  1- 3 |  4- 6 |  7- 9 || total
-------------------------+-------+-------+-------++-------
Melee: Hand axe          |    28 |    23 |    41 ||    92
Invok: Berserk           |     1 |     2 |       ||     3
  Eat: Chunk             |       |       |     1 ||     1
Armor: Animal skin       |    20 |       |       ||    20
       Chain mail        |       |    10 |    16 ||    26
Dodge: Dodged            |    28 |     7 |    20 ||    55
